AoeStats
← [ExIT] Sawyer

Hideout

509445541Analyzed
1v1 RM · 6d ago on Sep 26, 2026· 49m 18s· 2 players
Game mode
Random Map
Map size
Tiny (2 player)
Population
200
Speed
Normal
Resources
Standard
Victory
Conquest
Starting age
Dark Age
Ending age
Imperial Age
RankedLock teamsTeams togetherTeam positionsShared explorationLock speedFull tech treeHidden civsTurbo modeCheats
Victory
Defeat
🇩🇪 Saxons · Germany
1404
+17
🇫🇷 Malay · France
1416
-17
[ExIT] Sawyer
9:39 Feudal Age
9:43 Man-at-Arms
10:31 Double-Bit Axe
11:46 Horse Collar
16:17 Loom
19:25 Castle Age
22:41 Scale Mail Armor
22:52 Forging
22:43 Padded Archer Armor
30:30 Fletching
33:45 Wheelbarrow
33:24 Bow Saw
35:44 Bodkin Arrow
36:13 Ballistics
35:43 Town Watch
40:16 Imperial Age
38:59 Leather Archer Armor
38:59 Chain Mail Armor
38:43 Gold Mining
39:11 Gambesons
39:27 Squires
39:12 Arson
41:17 Bracer
41:48 Plate Mail Armor
42:46 Bloodlines
43:09 Ring Archer Armor
45:43 Town Patrol
46:00 Hand Cart
46:37 Siege Engineers
Zetetiko
12:46 Feudal Age
13:18 Loom
17:14 Castle Age
16:54 Double-Bit Axe
21:32 Husbandry
27:56 Gold Mining
27:50 Horse Collar
28:52 Wheelbarrow
28:39 Scale Barding Armor
28:44 Forging
30:01 Fletching
33:43 Heavy Plow
33:30 Town Watch
35:13 Town Patrol
36:57 Bow Saw
41:24 Imperial Age
40:01 Bodkin Arrow
40:07 Padded Archer Armor
40:40 Hand Cart
40:15 Crossbowman
41:15 Thumb Ring
43:15 Bracer
46:02 Iron Casting
45:22 Elite Karambit Warrior
48:47 Blast Furnace
Connection lost

Rejoining the realm…

Still unreachable

The connection could not be restored.

Session expired

The server has moved on; the page needs a fresh start.